 Dungeon Crawl Stone Soup version 0.19.0-20-gbc5f0c6 (webtiles) character file.

154 MirrMurr the Chucker (level 5, 0/49 HPs)
             Began as a Troll Hunter on Nov 16, 2016.
             Succumbed to kobold's curare-tipped needle
             ... on level 3 of the Dungeon.
             The game lasted 00:05:56 (2127 turns).

MirrMurr the Chucker (Troll Hunter)                 Turns: 2127, Time: 00:05:56

Health: 0/49       AC:  6    Str: 20    XL:     5   Next: 13%
Magic:  4/4        EV: 15    Int:  7    God:
Gold:   92         SH:  0    Dex: 16    Spells: 0 memorised, 4 levels left

rFire  . . .     SeeInvis .       - Unarmed
rCold  . . .     Gourm    +     b - +1 robe
rNeg   . . .     Faith    .     (no shield)
rPois  .         Spirit   .     (helmet restricted)
rElec  .         Reflect  .     (no cloak)
rCorr  .         Harm     .     (gloves unavailable)
MR     .....                    (boots unavailable)
Stlth  +++.......               (no amulet)
                                (no ring)
                                (no ring)

@: agile, lethally poisoned (0 -> -15), flying, slowed, very slow
A: unfitting armour, claws 3, fast metabolism 3, gourmand, regeneration 1,
shaggy fur 1, tough skin 2
a: no special abilities


You were on level 3 of the Dungeon.
You were completely stuffed.

You visited 1 branch of the dungeon, and saw 3 of its levels.

You collected 92 gold pieces.

Inventory:

Missiles
 c - 9 large rocks (quivered)
 d - 2 throwing nets
Armour
 b - a +1 robe (worn)
Jewellery
 m - an uncursed ring of protection from magic {unknown}
Wands
 n - a wand of paralysis (9/24)
Scrolls
 i - 2 scrolls of identify
 k - a scroll of immolation {unknown}
 l - a scroll of fear {unknown}
 r - 3 scrolls of remove curse
Potions
 h - a potion of curing {unknown}
Comestibles
 a - 4 chunks of flesh
 f - 5 bread rations
 j - 4 fruits


   Skills:
 + Level 2.1 Fighting
 + Level 4.5 Throwing
 - Level 1.5 Dodging
 - Level 0.3 Stealth
 * Level 3.3 Unarmed Combat


You had 4 spell levels left.
You didn't know any spells.

Dungeon Overview and Level Annotations

Branches:
Dungeon (3/15)

Altars:


Innate Abilities, Weirdness & Mutations

You are too large for most types of armour.
You have claws for hands.
Your metabolism is lightning-fast.
You like to eat raw meat.
Your natural rate of healing is unusually fast.
You are covered in fur. (AC +1)
You have very tough skin. (AC +2)


Message History

You feel very sick.
You feel very sick.
The kobold shoots a curare-tipped needle.
The curare-tipped needle hits you.
You are lethally poisoned!
You have difficulty breathing.
* * * LOW HITPOINT WARNING * * *
You feel as though you will be slow longer.
You see here a curare-tipped needle.
It was a potion of agility.
You feel agile all of a sudden.
* * * LOW HITPOINT WARNING * * *
You feel very sick.
The kobold shoots a curare-tipped needle.
The curare-tipped needle closely misses you.
Okay, then.
It was a potion of flight.
You feel very buoyant.
You fly up into the air.
You die...

.#............#
..........K#
#...>.....(#
#..........#
#.<..>....(#
###.######.###
#..## #(..#####
##..####.......##
##....@........#
####..##.##...#
#.##..)##..#
#)#..#..#..#
#.#.#.#.#..#
#....#.....#
#.#.#)#.#..#
#.#..#..#..#
#.##...##..#


You could see a kobold.

Vanquished Creatures
  Jessica (D:2)
  7 adders (D:2)
  2 worms (D:2)
  A leopard gecko (D:1)
  An orc (D:3)
  2 giant cockroaches (D:1)
  10 goblins
  4 hobgoblins
  8 jackals
  6 bats
  4 frilled lizards
  5 kobolds
  6 rats
57 creatures vanquished.

Notes
Turn   | Place    | Note
-------+----------+-------------------------------------------
     0 | D:1      | MirrMurr the Troll Hunter began the quest for the Orb.
     0 | D:1      | Reached XP level 1. HP: 19/19 MP: 0/0
   481 | D:1      | Reached XP level 2. HP: 17/27 MP: 1/1
   540 | D:1      | Reached skill level 4 in Throwing
   777 | D:1      | You fall through a shaft!
   827 | D:2      | Reached skill level 1 in Unarmed Combat
   831 | D:2      | Reached XP level 3. HP: 10/35 MP: 2/2
  1572 | D:2      | Reached XP level 4. HP: 39/42 MP: 3/3
  1606 | D:2      | Noticed Jessica
  1613 | D:2      | Killed Jessica
  1946 | D:2      | Reached XP level 5. HP: 45/49 MP: 4/4
  2126 | D:3      | HP: 2/49 [poisoned by kobold (curare-tipped needle)]
  2127 | D:3      | Succumbed to kobold's curare-tipped needle

Skill      XL: |  1  2  3  4 |
---------------+-------------+-----
Throwing       | 4 |  4.5
Unarmed Combat | 1 2 3 |  3.3
Fighting       | 2 |  2.1
Dodging        | |  1.5
Stealth        | |  0.3

Action                   |  1- 3 |  4- 6 || total
-------------------------+-------+-------++-------
Melee: Unarmed           |   106 |    58 ||   164
  Use: Scroll            |     5 |     2 ||     7
       Potion            |       |     2 ||     2
 Stab: Sleeping          |     1 |       ||     1
  Eat: Chunk             |    20 |     5 ||    25
Armor: Robe              |    64 |    32 ||    96
Dodge: Dodged            |    73 |    38 ||   111
